 Dungeon Crawl Stone Soup version 0.30.1-3-gfc49f6343a (webtiles) character file.

Game seed: 8759925033690788174

140 cdecastro the Cudgeller (level 5, -3/43 HPs)
             Began as an Armataur Warper on Aug 2, 2023.
             Slain by an orc priest
             ... wielding a +0 morningstar
              (9 damage)
             ... on level 3 of the Dungeon.
             The game lasted 00:03:51 (2456 turns).

cdecastro the Cudgeller (Armataur Warper)           Turns: 2456, Time: 00:03:51

Health: -3/43      AC:  5    Str: 19    XL:     5   Next: 2%
Magic:  7/7        EV:  8    Int: 19    God:
Gold:   133        SH:  0    Dex:  9    Spells: 7/7 levels left

rFire   . . .        a - +0 mace
rCold   . . .        (no shield)
rNeg    . . .        l - +0 ring mail
rPois   .            (no helmet)
rElec   .            (no cloak)
rCorr   .            (no gloves)
SInv    .            (no barding)
Will    .....        (no amulet) Stlth
                     n - +6 ring of intelligence
HPRegen 0.27/turn    (no ring)
MPRegen 0.10/turn

%: roll
@: no status effects
A: large, rugged brown scales 3, deformed body, armoured tail, roll, long
tongue, awkward tongue
a: no special abilities


You were on level 3 of the Dungeon.
You visited 1 branch of the dungeon, and saw 3 of its levels.

You collected 133 gold pieces.

Inventory:

Hand Weapons
 a - a +0 mace (weapon)
Missiles
 d - 7 boomerangs of dispersal (quivered)
Armour
 b - a +0 leather armour
 l - a +0 ring mail (worn)
 m - a +0 helmet
Jewellery
 n - a +6 ring of intelligence (left hand)
Scrolls
 c - a scroll of blinking
 f - a scroll of brand weapon {unknown}
 g - 3 scrolls of identify {unknown}
 i - a scroll of immolation {unknown}
 k - a scroll of vulnerability {unknown}
 p - 2 scrolls of teleportation {unknown}
Potions
 e - 2 potions of brilliance {unknown}
 h - a potion of heal wounds {unknown}
 j - a potion of cancellation {unknown}
 o - a potion of curing {unknown}


   Skills:
 - Level 1.7 Fighting
 + Level 4.8 Maces & Flails
 - Level 0.8 Throwing
 - Level 1.2 Armour
 - Level 1.3 Dodging
 - Level 1.7 Spellcasting
 - Level 3.0 Translocations


You had 7 spell levels left.
You didn't know any spells.
Your spell library contained the following spells:

 Spells                   Type           Power      Damage    Failure   Level
 Blink                    Tloc           26%        N/A       13%         2
 Lesser Beckoning         Tloc           26%        N/A       13%         2
 Teleport Other           Tloc           13%        N/A       26%         3
 Ensorcelled Hibernation  Hex/Ice        2%         N/A       41%         2
 Vhi's Electric Charge    Tloc/Air       14%        N/A       43%         3
 Spider Form              Tmut/Pois      1%         N/A       65%         3
 Manifold Assault         Tloc           13%        N/A       65%         4
 Anguish                  Hex/Necr       0%         N/A       96%         4


Dungeon Overview and Level Annotations

Branches:
Dungeon (3/15)

Altars:


Innate Abilities, Weirdness & Mutations

You are completely covered in rugged brown scales. (AC +3, +7% HP)
Armour fits poorly on your strangely shaped body.
You have a long armoured tail.
You roll when moving toward enemies. (Rampage)
Your long tongue fully drains potion bottles. (2x potion effects)
Your tongue gives you trouble enunciating. (1.5x scroll delay)


Message History

The orc is heavily wounded.
The orc hits you but does no damage.
You hit the orc.
The orc is almost dead.
The orc barely misses you.
You hit the orc.
You kill the orc!
An orc priest comes into view. It is wielding a +0 morningstar.
You see here a +0 mace.
You start resting.
An orc priest is nearby!
The orc priest shouts!
You hit the orc priest.
Your tail-slap misses the orc priest.
The orc priest is moderately wounded.
The orc priest hits you with a +0 morningstar.
You hit the orc priest.
The orc priest is moderately wounded.
The orc priest hits you with a +0 morningstar!
The orc priest hits you with a +0 morningstar.
* * * LOW HITPOINT WARNING * * *
You hit the orc priest.
Your tail-slap misses the orc priest.
The orc priest is heavily wounded.
The orc priest closely misses you.
You completely miss the orc priest.
The orc priest is heavily wounded.
The orc priest closely misses you.
You closely miss the orc priest. You tail-slap the orc priest.
The orc priest is severely wounded.
The orc priest hits you with a +0 morningstar!
* * * LOW HITPOINT WARNING * * *
You barely miss the orc priest.
The orc priest is severely wounded.
The orc priest mumbles some strange prayers to Beogh against you.
Beogh smites you!
* * * LOW HITPOINT WARNING * * *
You closely miss the orc priest.
The orc priest is severely wounded.
An orc priest comes into view. It is wielding a +0 hand axe.
The orc priest hits you with a +0 morningstar!
You die...

#. #.........# #. .
##.........# #.##.
:...o.....# #...###
#.......[# ####
#.....###........##### #..
...#.##.......)......
#>##.######.#....)...o.).#
#.#.......#...)#########.#
##.#..####.#†.o@..# .#
#.....##.....####.# #
#.....##.#.#.# #.#
.#.....##.#.#.# #.#
.......##.#.#.## #.#
.......#.......# #..
#..............# ###
#.....†##......#
#...........#.##


You could see 2 orc priests.

Vanquished Creatures
  Robin (D:2)
  3 gnolls
  3 adders
  A dart slug (D:1)
  5 orcs
  5 ball pythons
  5 endoplasms
  2 giant cockroaches (D:2)
  10 hobgoblins
  2 jackals (D:1)
  3 kobolds
  6 bats
  3 frilled lizards
  7 goblins
  8 rats (D:1)
64 creatures vanquished.

Notes
Turn   | Place    | Note
-------+----------+-------------------------------------------
     0 | D:1      | cdecastro the Armataur Warper began the quest for the Orb.
     0 | D:1      | Reached XP level 1. HP: 18/18 MP: 3/3
    69 | D:1      | Reached skill level 2 in Maces & Flails
   166 | D:1      | Reached XP level 2. HP: 25/25 MP: 4/4
   515 | D:1      | Reached skill level 3 in Maces & Flails
  1038 | D:2      | Reached XP level 3. HP: 31/31 MP: 5/5
  1052 | D:2      | Identified the staff of fire "Deuhycoc" {Fragile rF+ rC+++
                  | rCorr Int-5}
  1439 | D:2      | Noticed Robin
  1590 | D:1      | Reached XP level 4. HP: 37/38 MP: 6/6
  1591 | D:1      | Reached skill level 4 in Maces & Flails
  1608 | D:2      | Killed Robin
  2371 | D:3      | Reached XP level 5. HP: 23/43 MP: 7/7
  2456 | D:3      | Slain by an orc priest

Illustrated notes

Levels and vault maps discovered:
D:1:      dpeg_arrival_simpleton_b, layout_basic,
          chequers_serial_rivers_small_b, minmay_misc_feat_secret_circle,
          minmay_rat_gold_closets
D:2:      layout_loops_cross, minmay_misc_feat_iff, corexii_shack, uniq_robin
D:3:      layout_basic, shapermc_ecumenical_altar_mp_urbaneastern, serial_shops,
          shop

Skill      XL: |  1  2  3  4 |
---------------+-------------+-----
Maces & Flails | 2 3 4 |  4.8
Fighting       | |  1.7
Throwing       | |  0.8
Armour         | |  1.2
Dodging        | |  1.3
Spellcasting   | |  1.7
Translocations | |  3.0

Action                     |  1- 3 |  4- 6 || total
---------------------------+-------+-------++-------
  Melee: Mace              |   119 |    81 ||   200
         Tailslap          |    13 |     6 ||    19
 Armour: Leather armour    |    38 |       ||    38
         Ring mail         |    18 |    21 ||    39
  Dodge: Dodged            |    54 |    37 ||    91
